 Dungeon Crawl Stone Soup version 0.30.0-5-g1a98f26d00 (webtiles) character file.

Game seed: 14271641768142792427

18 H0rd4k the Charlatan (level 2, -1/21 HPs)
             Began as a Human Artificer on May 9, 2023.
             Frozen to death by an endoplasm (3 damage)
             ... on level 2 of the Dungeon.
             The game lasted 00:00:47 (825 turns).

H0rd4k the Charlatan (Human Artificer)               Turns: 825, Time: 00:00:48

Health: -1/21      AC:  3    Str: 12    XL:     2   Next: 90%
Magic:  2/2        EV: 11    Int: 11    God:
Gold:   37         SH:  0    Dex: 13    Spells: 1/1 levels left

rFire   . . .        a - +0 club
rCold   . . .        (no shield)
rNeg    . . .        b - +0 leather armour
rPois   .            (no helmet)
rElec   .            (no cloak)
rCorr   .            (no gloves)
SInv    .            (no boots)
Will    .....        (no amulet)
Stlth   +            (no ring)
HPRegen 0.23/turn    (no ring)
MPRegen 0.08/turn

%: no passive effects
@: no status effects
A: no striking features
a: no special abilities


You were on level 2 of the Dungeon.
You visited 1 branch of the dungeon, and saw 2 of its levels.

You collected 37 gold pieces.

Inventory:

Hand Weapons
 a - a +0 club (weapon)
Armour
 b - a +0 leather armour (worn)
Wands
 c - a wand of flame (15) (quivered)
 d - a wand of charming (13)
 e - a wand of iceblast (5)
Scrolls
 g - 2 scrolls of noise {unknown}
 j - a scroll of fear {unknown}
Potions
 f - a potion of invisibility {unknown}
 h - a potion of curing {unknown}
 i - a potion of degeneration {unknown}


   Skills:
 + Level 1.0 Fighting
 + Level 0.3 Maces & Flails
 - Level 2.0 Armour
 + Level 1.3 Dodging
 + Level 1.0 Stealth
 + Level 3.7 Evocations


You had one spell level left.
You didn't know any spells.
Your spell library was empty.

Dungeon Overview and Level Annotations

Branches:
Dungeon (2/15)

Altars:

Annotations:
D:2 Robin


Message History

You hear a shout!
Things that are here:
a +0 dagger; a goblin corpse; a hobgoblin corpse A goblin comes into view.
It is wielding a +0 club.
The goblin shouts!
The endoplasm quivers.
You hear a shout!
Robin throws the goblin at you!
You closely miss the goblin. The goblin barely misses you.
The endoplasm closely misses you. The goblin hits you but does no damage.
The endoplasm freezes you.
You are frozen.
You closely miss the goblin. The goblin misses you.
A goblin comes into view. It is wielding a +0 club.
The endoplasm hits you.
Robin hits you from afar with a +0 spear.
You hit the goblin but do no damage. The endoplasm freezes you.
You are frozen.
The goblin hits you with a +0 club. Robin hits you but does no damage.
You closely miss the goblin. The endoplasm closely misses you.
The goblin closely misses you.
Robin hits you from afar with a +0 spear.
* * * LOW HITPOINT WARNING * * *
The endoplasm hits you but does no damage.
Robin barely misses you. The goblin barely misses you.
A goblin comes into view. It is wielding a +0 dagger.
Aiming: Charm
Press: ? - help, Shift-Dir - straight line, f - you That would be overly suicidal.
Okay, then.
Unknown command.
Aiming: Charm
Press: ? - help, Shift-Dir - straight line, f - goblin
Aim: a goblin, wielding a +0 club (strong, chance to affect: 74%)
The goblin is charmed.
The goblin shouts!
The endoplasm freezes you.
You are frozen.
You die... g...... ..K.. gg.

#'# #.# #g# #g#
#J# #@# #g# #)#
#.# #.# #)# #.#
################.#
.................#


You could see Robin, an endoplasm, a hobgoblin (strong), 2 goblins, a kobold
(wandering) and a friendly goblin (charmed, strong).

Vanquished Creatures
  A dart slug (D:1)
  An endoplasm (D:1)
  A giant cockroach (D:1)
  6 goblins
  A hobgoblin (D:2)
  A quokka (D:1)
  A ball python (D:1)
  A frilled lizard (D:1)
  A rat (D:2)
14 creatures vanquished.

Vanquished Creatures (others)
  A hobgoblin (D:2)
1 creature vanquished.

Grand Total: 15 creatures vanquished

Notes
Turn   | Place    | Note
-------+----------+-------------------------------------------
     0 | D:1      | H0rd4k the Human Artificer began the quest for the Orb.
     0 | D:1      | Reached XP level 1. HP: 15/15 MP: 1/1
   192 | D:1      | Reached XP level 2. HP: 2/21 MP: 2/2
   818 | D:2      | Noticed Robin
   824 | D:2      | HP: 1/21 [Robin/+0 spear (6)]
   825 | D:2      | Frozen to death by an endoplasm

Illustrated notes

Levels and vault maps discovered:
D:1:      matt_arrival_los_fun, layout_rooms, st_stairs_6, minmay_tetromino_s4
D:2:      layout_basic, uniq_crazy_yiuf_cottage, uniq_robin

Action                     || total
---------------------------++-------
  Melee: Club              ||    79
         Punch             ||     1
  Evoke: Wand              ||     2
 Armour: Leather armour    ||    26
  Dodge: Dodged            ||    52
